 Dungeon Crawl Stone Soup version 0.23.2-33-g5129a83184 (webtiles) character file.

Game seed: 8612366025198812511

1232 DildoBatman the Conjurer (level 8, -4/52 HPs)
             Began as a Formicid Wizard on June 27, 2019.
             Slain by an orc priest
             ... wielding a +0 flail
              (5 damage)
             ... on level 6 of the Dungeon.
             The game lasted 00:11:16 (4049 turns).

DildoBatman the Conjurer (Formicid Wizard)          Turns: 4049, Time: 00:11:16

Health: -4/52      AC:  6    Str: 12    XL:     8   Next: 77%
Magic:  8/12       EV: 12    Int: 20    God:
Gold:   382        SH:  0    Dex:  9    Spells: 6/13 levels left

rFire    . . .     SeeInvis +   a - +4 spear (venom)
rCold    . . .     Gourm    .   (no shield)
rNeg     . . .     Faith    .   q - +0 robe
rPois    .         Spirit   .   (helmet unavailable)
rElec    .         Reflect  .   w - +0 cloak
rCorr    .         Harm     .   t - +0 pair of gloves
MR       .....                  (no boots)
Stlth    ++........             (no amulet)
HPRegen  0.17/turn              l - +3 ring of slaying
MPRegen  0.13/turn              r - +2 ring of protection

@: no status effects
A: permanent stasis, dig shafts and tunnels, four strong arms, antennae 3
a: Dig, Shaft Self


You were on level 6 of the Dungeon.
You were not hungry.

You visited 1 branch of the dungeon, and saw 6 of its levels.

You collected 382 gold pieces.

Inventory:

Hand Weapons
 a - a +4 spear of venom (weapon)
Missiles
 c - 125 stones (quivered)
 d - 24 arrows
 j - 8 curare-tipped needles
 p - 85 bolts
 u - 22 poisoned needles
 D - 4 tomahawks
Armour
 q - a +0 robe (worn)
 t - a +0 pair of gloves (worn)
 w - a +0 cloak (worn)
Jewellery
 f - an uncursed ring of protection from magic
 l - a +3 ring of slaying (left hand)
 r - a +2 ring of protection (right hand)
Scrolls
 e - 4 scrolls of remove curse {unknown}
 h - a scroll of enchant armour {unknown}
 i - 2 scrolls of immolation {unknown}
 m - 10 scrolls of identify {unknown}
 o - 2 scrolls of teleportation {unknown}
 x - a scroll of random uselessness {unknown}
 y - a scroll of fog {unknown}
 H - a scroll of noise {unknown}
Potions
 b - 2 potions of invisibility {unknown}
 g - a potion of brilliance {unknown}
 k - 4 potions of curing {unknown}
 n - a potion of heal wounds {unknown}
 s - 2 potions of ambrosia {unknown}
 z - a potion of flight {unknown}
 A - a potion of cancellation {unknown}
 B - a potion of mutation {unknown}
 C - a potion of resistance {unknown}
 F - a potion of lignification {unknown}
 G - a potion of haste {unknown}
Comestibles
 v - 8 rations
 E - 9 chunks of flesh


   Skills:
 - Level 4.0 Polearms
 - Level 1.7 Dodging
 - Level 2.4 Stealth
 - Level 3.2 Spellcasting
 * Level 5.2 Conjurations
   Level 1.0 Summonings
   Level 0.8 Translocations
 * Level 3.6 Fire Magic
 * Level 2.9 Air Magic
 * Level 5.0 Poison Magic


You had 6 spell levels left.
You knew the following spells:

 Your Spells              Type           Power        Failure   Level  Hunger
a - Conjure Flame         Conj/Fire      ###.....     7%          3    ###....
c - Magic Dart            Conj           ###.         1%          1    None
e - Mephitic Cloud        Conj/Pois/Air  ###.....     7%          3    ###....

Your spell library contained the following spells:

 Spells                   Type           Power        Failure   Level  Hunger
 Call Imp                 Summ           #.......     14%         2    ##.....
 Slow                     Hex            #.......     22%         2    ##.....
 Blink                    Tloc           Unusable     N/A         2    N/A

Dungeon Overview and Level Annotations

Branches:
Dungeon (6/15)
 Temple: D:4-7

Altars:
Makhleb
Trog

Shops:
D:4 =

Annotations:
D:2 exclusion: moth of wrath


Innate Abilities, Weirdness & Mutations

You cannot be hasted, slowed, berserked, paralysed or teleported.
You can dig through walls and to a lower floor.
Your four strong arms can wield two-handed weapons with a shield.
You have a pair of large antennae on your head. (SInv)


Message History

The orc priest begins to cast a cantrip, but forgets the words!
An orc priest comes into view.
The orc priest shouts!
You hear a shout!
You closely miss the orc priest.
The orc priest is almost dead.
The orc priest barely misses you.
You puncture the orc priest!
You kill the orc priest!
Your Poison Magic skill increases to level 5!
You hit the orc priest.
The orc priest is moderately wounded.
The orc priest hits you with a +0 flail!
You closely miss the orc priest.
The orc priest is moderately wounded.
You hit the orc priest.
The orc priest is poisoned.
The orc priest is heavily wounded.
The orc priest hits you with a +0 flail.
You die...

### ..# #.# #.#.# #.#o#
#{#o# #.#o# #.#@# ##
#.#.# #.####.#.###
...........#
#.#####..#.## ###.###
#.....#####.## #.....#
#............#
###.....#####...#####..#
#.................# #..#


You could see 2 orc priests and an orc wizard (invisible).

Vanquished Creatures
  An orc warrior (D:6)
  3 ogres
  A phantom (D:6)
  A howler monkey (D:4)
  A centaur zombie (D:5)
  A jelly (D:5)
  A quasit (D:5)
  A hound (D:5)
  4 orc priests
  A bullfrog skeleton (D:4)
  5 orc wizards
  4 worker ants
  A hound zombie (D:5)
  A hound skeleton (D:5)
  3 gnolls (D:4)
  7 adders
  3 shadow imps
  An ooze (D:3)
  6 worms
  2 dart slugs
  5 leopard geckos
  11 orcs
  15 giant cockroaches
  7 goblins
  7 hobgoblins
  5 jackals
  5 kobolds
  4 quokkas
  4 bats
  5 frilled lizards
  5 rats
121 creatures vanquished.

Notes
Turn   | Place    | Note
-------+----------+-------------------------------------------
     0 | D:1      | DildoBatman the Formicid Wizard began the quest for the
                  | Orb.
     0 | D:1      | Reached XP level 1. HP: 13/13 MP: 4/4
    16 | D:1      | Reached skill level 1 in Conjurations
   235 | D:1      | Reached XP level 2. HP: 10/19 MP: 1/6
   537 | D:1      | Reached XP level 3. HP: 21/24 MP: 4/7
   542 | D:1      | Learned a level 3 spell: Conjure Flame
   546 | D:1      | Learned a level 3 spell: Mephitic Cloud
   989 | D:2      | Found a faded altar of an unknown god.
  1142 | D:2      | Reached XP level 4. HP: 30/30 MP: 6/8
  1275 | D:2      | Noticed a moth of wrath
  1277 | D:2      | Found a bloodstained altar of Trog.
  1653 | D:3      | Reached skill level 1 in Polearms
  1672 | D:3      | Reached XP level 5. HP: 35/35 MP: 4/9
  2021 | D:3      | Reached skill level 1 in Poison Magic
  2484 | D:4      | Reached skill level 1 in Fire Magic
  2484 | D:4      | Reached XP level 6. HP: 24/41 MP: 0/10
  2530 | D:4      | Reached skill level 1 in Air Magic
  2635 | D:4      | Found Kuyfuh's Jewellery Boutique.
  2651 | D:4      | Found a burning altar of Makhleb.
  2651 | D:4      | Noticed an Executioner
  2654 | D:4      | Noticed a ynoxinul
  2654 | D:4      | Noticed a ynoxinul
  3018 | D:4      | Noticed an ogre
  3025 | D:4      | Killed an ogre
  3025 | D:4      | Reached XP level 7. HP: 46/46 MP: 7/11
  3091 | D:5      | Entered Level 5 of the Dungeon
  3331 | D:5      | Reached XP level 8. HP: 52/52 MP: 9/12
  3956 | D:6      | Reached skill level 5 in Conjurations
  4046 | D:6      | Reached skill level 5 in Poison Magic
  4047 | D:6      | HP: 1/52 [orc priest/+0 flail (10)]
  4049 | D:6      | Slain by an orc priest

Skill      XL: |  1  2  3  4  5  6  7  8 |
---------------+-------------------------+-----
Conjurations   | 1 2 3 4 5 |  5.2
Polearms       | 1 2 3 4 |  4.0
Poison Magic   | 1 2 3 5 |  5.0
Fire Magic     | 1 2 3 |  3.6
Air Magic      | 1 2 |  2.9
Dodging        | |  1.7
Stealth        | |  2.4
Spellcasting   | |  3.2
Summonings     | |  1.0
Translocations | |  0.8

Action                   |  1- 3 |  4- 6 |  7- 9 || total
-------------------------+-------+-------+-------++-------
Melee: Club              |    22 |    40 |       ||    62
       Spear             |       |    97 |   111 ||   208
 Cast: Magic Dart        |    59 |    54 |    16 ||   129
       Mephitic Cloud    |       |     2 |     8 ||    10
       Conjure Flame     |       |     1 |     4 ||     5
 Abil: Dig               |     7 |     6 |     2 ||    15
 Stab: Sleeping          |       |     3 |     1 ||     4
       Distracted        |       |     1 |       ||     1
       Confused          |       |     1 |     2 ||     3
  Eat: Chunk             |     1 |     7 |     5 ||    13
Armor: Robe              |     8 |    21 |    34 ||    63
Dodge: Dodged            |    42 |    61 |    60 ||   163
